Map: Automaton LE

Players

Dtrap - Winner!

  • Race: Zerg Zerg
  • League: Platinum
  • Spawn Location: 3:00

KimJongIl

  • Race: Terran Terran
  • League: Platinum
  • Spawn Location: 9:00

VOD

Have the link to the VOD?

Description

Time

  • Played on: April 23, 2019, 8:50 p.m.
  • Length: 18:12
Show
View Real Time Build Order
Export as new Build Order

Dtrap Zerg - Winner!

Build Orders: Hatch First 

Get SALT Encoding   

  12  0:01  Drone  
  13  0:13  Overlord  
  13  0:18  Drone  
  14  0:31  Drone  
  14  0:32  Drone  
  16  0:36  Drone  
  17  0:47  Drone  
  18  0:57  Hatchery  
  18  1:01  Extractor, Drone  
  17  1:16  Spawning Pool  
  16  1:19  Drone  
  17  1:29  Drone  
  18  1:40  Drone  
  19  1:57  Drone  
  20  2:10  Queen x2  
  20  2:12  Zergling x6  
  26  2:21  Zergling x2  
  27  2:24  Zergling x2  
  27  2:27  Roach Warren  
  27  2:33  Zergling x2  
  28  2:46  Overlord  
  28  2:47  Overlord  
  28  2:57  Overlord  
  28  3:04  Zergling x2  
  29  3:10  Queen  
  29  3:12  Roach  
  33  3:16  Roach  
  35  3:35  Roach  
  35  3:36  Roach x2  
  35  3:37  Zergling x2  
  35  3:40  Drone  
  42  3:51  Roach  
  44  4:00  Extractor  
  43  4:05  Roach  
  43  4:08  Overlord  
  41  4:21  Drone x3  
  41  4:22  Drone  
  43  4:45  Hatchery  
  42  4:48  Roach x2  
  42  4:50  Zergling x2  
  47  5:03  Lair  
  47  5:14  Ravager x4  
  51  5:19  Drone  
  51  5:20  Overlord  
  52  5:24  Overlord  
  52  5:42  Drone x3  
  55  5:56  Drone  
  55  5:57  Drone x2  
  58  5:59  Drone  
  59  6:14  Roach  
  59  6:15  Roach x2  
  65  6:19  Ravager x4  
  69  6:28  Zergling x2  
  69  6:29  Zergling x10  
  75  6:49  Overlord x4  
  55  7:37  Zergling x20  
  55  7:38  Zergling x4  
  59  8:15  Roach x6  
  59  8:16  Roach x2  
  75  8:34  Drone  
  75  8:35  Drone x6  
  82  8:41  Hatchery  
  63  9:20  Roach x11  
  85  9:28  Infestation Pit  
  85  9:29  Hydralisk Den  
  85  9:31  Spire  
  79  9:32  Drone  
  79  9:33  Drone x3  
  68  9:52  Roach  
  68  9:53  Roach x5  
  76  10:03  Extractor  
  76  10:04  Extractor  
  76  10:07  Roach x4  
  82  10:22  Hydralisk x4  
  82  10:24  Queen  
  82  10:25  Zergling x4  
  94  10:37  Drone x3  
  94  10:39  Drone  
  98  10:48  Ravager  
  98  10:49  Ravager  
  100  10:57  Ravager  
  100  11:00  Extractor  
  100  11:03  Extractor, Zergling x12  
  100  11:04  Zergling x8  
  109  11:10  Overlord  
  109  11:13  Glial Reconstitution  
  109  11:24  Ravager x2  
  109  11:25  Zergling x6  
  112  11:27  Overlord x4  
  114  11:34  Drone x4  
  114  11:37  Drone  
  119  11:44  Overseer  
  119  11:48  Hive  
  119  12:11  Hydralisk x6  
  83  12:41  Mutalisk  
  83  12:42  Roach  
  83  12:43  Roach x9  
  89  12:45  Zergling x4  
  89  13:08  Hatchery  
  88  13:14  Drone  
  88  13:15  Drone x8  
  97  13:30  Baneling Nest  
  97  13:31  Greater Spire  
  96  13:34  Drone  
  96  13:35  Drone x3  
  96  13:36  Drone x2  
  96  13:39  Drone  
  85  14:01  Corruptor x6  
  95  14:13  Roach x3  
  95  14:14  Roach x2  
  105  14:22  Centrifical Hooks  
  105  14:32  Drone x3  
  105  14:33  Drone x2  
  105  14:35  Drone  
  105  14:36  Drone  
  113  14:38  Drone  
  113  14:52  Drone x9  
  122  14:53  Hatchery, Drone  
  122  15:10  Brood Lord  
  122  15:11  Brood Lord x3  
  130  15:23  Roach x3  
  130  15:24  Roach x5  
  146  15:31  Brood Lord x2  
  146  15:32  Corruptor  
  152  15:40  Extractor  
  149  15:59  Extractor  
  138  16:30  Roach x9  
  138  16:31  Roach x5  
  166  16:33  Overlord x4  
  166  16:34  Overlord x2  
  166  17:03  Overlord, Corruptor x5  
  166  17:04  Corruptor x5  
  182  17:11  Roach x4, Zergling x6  
  182  17:12  Zergling x14  
Show
View Real Time Build Order
Export as new Build Order

KimJongIl Terran 

Build Orders:  

Get SALT Encoding   

  12  0:01  SCV  
  13  0:14  Supply Depot  
  13  0:19  SCV  
  14  0:31  SCV  
  15  0:44  SCV  
  15  0:48  Barracks  
  16  0:58  SCV  
  17  1:21  Command Center  
  17  1:23  SCV  
  18  1:34  Marine  
  19  1:40  Bunker  
  19  1:44  Bunker  
  19  1:52  Marine  
  20  1:59  Orbital Command  
  20  2:10  Marine  
  21  2:29  SCV  
  22  2:32  Barracks  
  22  2:34  Marine  
  23  2:41  Orbital Command  
  23  2:46  SCV, Barracks  
  24  2:52  Marine  
  24  2:57  Bunker  
  25  2:59  SCV  
  26  3:10  Refinery x2  
  26  3:16  SCV  
  27  3:21  Marine  
  26  3:39  Marine, SCV  
  27  3:49  Marine  
  27  3:51  SCV x2  
  30  3:58  Orbital Command  
  25  4:32  Marine  
  25  4:33  Marine  
  25  4:34  SCV  
  25  4:35  Bunker x2  
  28  4:45  SCV  
  29  4:46  SCV  
  29  4:51  Barracks Tech Lab  
  29  4:52  Command Center  
  30  4:56  Factory  
  30  4:57  Factory, SCV  
  30  4:58  SCV, Refinery  
  32  5:00  Refinery  
  32  5:04  Marine x2  
  34  5:10  SCV  
  37  5:14  Marauder  
  37  5:15  Concussive Shells  
  37  5:16  SCV  
  38  5:24  Barracks Tech Lab, Barracks  
  38  5:32  Barracks Tech Lab  
  38  5:46  Supply Depot  
  38  5:49  Combat Shield  
  38  5:50  Supply Depot  
  38  5:53  SCV  
  38  6:03  Widow Mine, SCV  
  41  6:05  SCV  
  44  6:15  SCV  
  44  6:17  SCV  
  46  6:24  Barracks Tech Lab, Widow Mine  
  46  6:29  SCV  
  47  6:33  Bunker  
  47  6:41  SCV  
  47  6:46  Siege Tank  
  47  6:48  Widow Mine  
  47  6:51  Marauder  
  47  6:53  Barracks Tech Lab, SCV  
  47  6:54  Orbital Command  
  52  6:57  Marauder  
  52  7:00  Marauder  
  55  7:13  Marauder  
  45  7:32  Marauder  
  45  7:33  Marauder  
  45  7:34  Marauder  
  43  7:43  Widow Mine, SCV  
  40  7:49  Marauder  
  38  7:54  Marauder  
  34  8:12  SCV  
  34  8:15  Siege Tank, Marauder  
  34  8:16  Widow Mine  
  41  8:22  Marauder  
  41  8:25  SCV  
  44  8:37  Hellion, SCV, Marauder  
  49  8:44  Marauder  
  49  8:47  Hellion  
  53  8:49  SCV  
  50  8:58  Marauder  
  50  9:01  SCV  
  53  9:05  Marauder  
  53  9:06  Orbital Command  
  53  9:16  Widow Mine x2  
  48  9:19  Marauder  
  44  9:26  Marauder  
  44  9:42  Marauder  
  44  9:44  Widow Mine  
  43  9:46  Siege Tank  
  43  9:50  Marauder  
  37  10:03  Orbital Command  
  37  10:08  Bunker  
  37  10:09  Bunker x2  
  37  10:12  Hellion  
  39  10:15  Orbital Command  
  39  10:19  Hellion  
  41  10:29  Marauder  
  43  10:44  SCV  
  43  10:47  Marine  
  45  11:05  Supply Depot  
  45  11:07  Supply Depot  
  45  11:12  Supply Depot  
  45  11:20  Factory Tech Lab  
  45  11:23  Barracks Tech Lab  
  45  11:27  Siege Tank, Marine, SCV x3  
  45  11:31  Supply Depot x2  
  52  11:39  Supply Depot, SCV x3  
  55  11:41  Engineering Bay  
  55  11:42  Marauder  
  55  11:43  Marauder  
  55  11:45  Siege Tank, Marine  
  63  11:51  Armory, SCV x3  
  66  11:59  Siege Tank  
  69  12:03  SCV x3, Marauder  
  69  12:04  Marauder  
  76  12:15  Starport, SCV x3  
  74  12:16  Starport  
  75  12:28  SCV x3  
  69  12:31  Siege Tank  
  63  12:37  Marauder x2  
  63  12:40  SCV x3  
  60  12:47  Marauder  
  60  12:48  Siege Tank  
  65  12:52  SCV x2  
  65  12:58  Bunker, Marauder x2  
  71  13:00  Bunker  
  71  13:01  SCV  
  71  13:03  Siege Tank  
  71  13:04  SCV x2  
  77  13:07  Medivac  
  77  13:08  Medivac, Marauder  
  83  13:16  SCV x2  
  87  13:20  Marauder  
  87  13:28  SCV x2  
  89  13:34  Missile Turret  
  89  13:36  Hellbat x2  
  89  13:37  Missile Turret  
  93  13:49  Medivac  
  93  13:57  Missile Turret  
  93  13:58  Missile Turret  
  93  13:59  Missile Turret  
  93  14:00  Missile Turret  
  93  14:10  Missile Turret  
  93  14:13  Missile Turret  
  93  14:24  Stimpack  
  93  14:41  Command Center  
  93  14:45  Supply Depot  
  93  14:46  Marine x3, SCV x2  
  93  14:47  Supply Depot, SCV, Hellbat x2  
  93  14:52  Supply Depot  
  103  14:54  Infernal Pre-Igniter  
  103  14:56  Drilling Claws  
  103  14:58  SCV x2  
  103  14:59  SCV  
  106  15:04  Marine x2  
  108  15:07  Barracks  
  108  15:08  Hellbat x2  
  108  15:10  SCV x2  
  108  15:11  SCV, Barracks  
  108  15:12  Terran Infantry Weapons Level 1  
  114  15:22  Marine x2  
  114  15:23  SCV  
  117  15:29  Widow Mine, Hellbat  
  117  15:32  Marine  
  117  15:33  SCV  
  117  15:35  SCV  
  124  15:39  Marine  
  124  15:40  Marine  
  124  15:41  SCV  
  127  15:43  Refinery  
  127  15:45  SCV, Medivac, Refinery  
  130  15:50  Marine  
  130  15:51  Widow Mine, Command Center  
  133  15:58  Marine x2, SCV x2  
  133  16:00  Widow Mine, SCV  
  125  16:11  Viking  
  113  16:12  Widow Mine  
  113  16:15  Viking  
  113  16:16  Marine x2  
  104  16:22  Widow Mine  
  98  16:34  Marine x2  
  100  16:41  Viking  
  100  16:45  Viking  
  98  16:52  Marine x2  
  92  17:01  Missile Turret x2  
  91  17:02  Missile Turret  
  91  17:11  Viking  
  91  17:13  SCV  
  146  17:15  Viking  
  96  17:25  SCV  
  96  17:27  Orbital Command  
  97  17:36  Marine, Orbital Command  
  98  17:41  Viking  
  100  17:45  Hellbat  
  100  17:50  Factory  
Tags
 
Add a new tag
Caveats
  • Supply blocks, unpowered buildings, or Contaminate may cause inaccurate times.
  • Supply counts are checked every 10 seconds.